 Dungeon Crawl Stone Soup version 0.26.1-11-gd32895ea62 (webtiles) character file.

Game seed: 8136868228790360278

375 Zeld the Gusty (level 6, -2/41 HPs)
             Began as an Octopode Air Elementalist on May 10, 2021.
             Slain by a gnoll shaman
             ... wielding a +0 whip
              (3 damage)
             ... on level 4 of the Dungeon.
             The game lasted 00:12:29 (7023 turns).

Zeld the Gusty (Octopode Air Elementalist)          Turns: 7023, Time: 00:12:31

Health: -2/41      AC:  1    Str:  7    XL:     6   Next: 72%
Magic:  0/10       EV: 14    Int: 19    God:
Gold:   191        SH:  0    Dex: 13    Spells: 3/11 levels left

rFire    . . .     SeeInvis .   (no weapon)
rCold    . . .     Faith    .   (no shield)
rNeg     . . .     Spirit   .   (helmet restricted)
rPois    .         Reflect  .   (no amulet)
rElec    .         Harm     .   l - ring of stealth
rCorr    .         Rampage  .   (no ring)
Will     .....                  (no ring)
Stlth    ++........             (no ring)
HPRegen  0.13/turn              (no ring)
MPRegen  0.12/turn              (no ring)
                                (no ring)
                                (no ring)

@: glowing
A: almost no armour, stealthy swim, amphibious, 8 rings, constrict 8, camouflage
1, gelatinous body 1
a: no special abilities


You were on level 4 of the Dungeon.
You visited 1 branch of the dungeon, and saw 4 of its levels.

You collected 191 gold pieces.

Inventory:

Jewellery
 l - a ring of stealth (left tentacle)
Wands
 m - a wand of acid (8)
Scrolls
 j - 3 scrolls of teleportation
 k - a scroll of amnesia
 o - a scroll of fear
 p - a scroll of fog {unknown}
Potions
 a - a potion of attraction {unknown}
 b - a potion of haste
 c - a potion of degeneration {unknown}
 f - 2 potions of curing {unknown}
 h - a potion of heal wounds {unknown}
 n - 2 potions of brilliance {unknown}


   Skills:
 + Level 2.6 Fighting
 + Level 3.4 Dodging
 - Level 2.6 Stealth
 + Level 3.2 Spellcasting
 - Level 1.0 Conjurations
 * Level 5.2 Air Magic


You had 3 spell levels left.
You knew the following spells:

 Your Spells              Type           Power        Failure   Level
a - Shock                 Conj/Air       56%          4%          1
b - Static Discharge      Conj/Air       14%          12%         3
c - Airstrike             Air            11%          17%         4

Your spell library contained the following spells:

 Spells                   Type           Power        Failure   Level
 Swiftness                Air            22%          2%          2
 Lightning Bolt           Conj/Air       7%           75%         5


Dungeon Overview and Level Annotations

Branches:
Dungeon (4/15)
 Temple: D:4-7

Altars:
Gozag
Xom
Zin


Innate Abilities, Weirdness & Mutations

You cannot wear most types of armour.
You are very stealthy in the water. (Stealth+)
You are amphibious.
You can wear up to eight rings at the same time.
You can use your tentacles to constrict eight enemies at once.
Your skin changes colour to match your surroundings (Stealth+).
Your rubbery body absorbs attacks. (AC +1, EV +1)


Message History

The gnoll shaman is severely wounded.
You constrict the gnoll shaman.
The gnoll shaman calls upon its god to speed up the gnoll.
The gnoll seems to speed up.
The gnoll hits you with a +0 club.
* * * LOW HITPOINT WARNING * * *
You release your grip on the gnoll shaman.
The gnoll shaman closely misses you. The gnoll hits you with a +0 club.
* * * LOW HITPOINT WARNING * * *
Unknown command.
The gnoll shaman mumbles some strange prayers to its god.
The gnoll shaman is healed somewhat.
Casting: Shock (safe; 4% risk of failure)
Confirm with . or Enter, or press ? or * to list all spells.
Aiming: Shock (safe; 4% risk of failure)
Press: ? - help, Shift-Dir - straight line, f - gnoll, p - gnoll shaman
Aim: a gnoll, wielding a +0 club (fast, 25% to evade)
The zap misses the gnoll shaman.
The zap hits the gnoll.
The gnoll is moderately wounded.
The gnoll shaman hits you with a +0 whip.
You die... #.#.#.# #gg.g

#.#.#.# #.###
#.#...# #.#
#.##..# #..
#.##..# ###
#.....# .
####.########..#
#...##....†..#
#.#.@gg.).#
#...##l##.# .
######.# B #.# .
#.. . ###


You could see a gnoll shaman (fast), a gnoll (fast) and a leopard gecko.

Vanquished Creatures
  A hound (D:3)
  A bullfrog skeleton (D:4)
  An orc wizard (D:3)
  Jessica (D:2)
  Terence (D:2)
  A hound skeleton (D:3)
  4 adders
  9 gnolls
  2 worms (D:3)
  2 dart slugs
  5 leopard geckos
  4 orcs
  2 ball pythons
  4 giant cockroaches
  8 goblins
  9 hobgoblins
  7 jackals
  7 kobolds
  2 quokkas (D:3)
  8 bats
  7 frilled lizards
  A jackal skeleton (D:4)
  2 rats
89 creatures vanquished.

Vanquished Creatures (others)
  3 plants (D:2)
3 creatures vanquished.

Grand Total: 92 creatures vanquished

Notes
Turn   | Place    | Note
-------+----------+-------------------------------------------
     0 | D:1      | Zeld the Octopode Air Elementalist began the quest for the
                  | Orb.
     0 | D:1      | Reached XP level 1. HP: 11/11 MP: 3/3
   298 | D:1      | Reached XP level 2. HP: 9/18 MP: 0/5
   894 | D:1      | Reached XP level 3. HP: 22/22 MP: 4/6
   898 | D:1      | Learned a level 3 spell: Static Discharge
  1034 | D:1      | Reached skill level 1 in Fighting
  1912 | D:2      | Noticed Jessica
  2318 | D:2      | Killed Jessica
  2319 | D:2      | Reached skill level 4 in Air Magic
  2319 | D:2      | Reached XP level 4. HP: 23/28 MP: 0/7
  2421 | D:2      | Noticed Terence
  2527 | D:2      | Killed Terence
  3079 | D:3      | Reached XP level 5. HP: 22/34 MP: 3/9
  3263 | D:3      | Learned a level 4 spell: Airstrike
  4290 | D:3      | Reached XP level 6. HP: 39/39 MP: 5/10
  4778 | D:3      | Found a glowing silver altar of Zin.
  4778 | D:3      | Found an opulent altar of Gozag.
  5203 | D:3      | Found a shimmering altar of Xom.
  5640 | D:4      | Reached skill level 5 in Air Magic
  6457 | D:3      | Found a shimmering altar of Xom.
  6746 | D:3      | Found a glowing silver altar of Zin.
  6747 | D:3      | Found an opulent altar of Gozag.
  7021 | D:4      | HP: 1/41 [gnoll/+0 club (3)]
  7023 | D:4      | Slain by a gnoll shaman

Illustrated notes

Levels and vault maps discovered:
D:1:      ncdulo_halloftheorcs, layout_loops_ring, minmay_split_cup_small
D:2:      layout_basic, minmay_statues_item, chequers_arboretum,
          chequers_big_river, minivault_4, hangedman_decor_peaks_small,
          corexii_item_surrounded_by_moat, uniq_jessica, uniq_terence
D:3:      layout_loops_cross, grunt_temple_overflow_gold_and_silver, tgw_xom
D:4:      layout_loops_cross, old_standard_altar, lemuel_round_altar,
          minmay_goblin_kobold_house

Skill      XL: |  1  2  3  4  5  6 |
---------------+-------------------+-----
Fighting       | 1 2 |  2.6
Air Magic      | 4 5 |  5.2
Dodging        | 3 |  3.4
Spellcasting   | 3 |  3.2
Stealth        | |  2.6
Conjurations   | |  1.0

Action                   |  1- 3 |  4- 6 || total
-------------------------+-------+-------++-------
Melee: Unarmed           |    19 |    40 ||    59
       Constrict         |     6 |    12 ||    18
       Tentacles         |     2 |     6 ||     8
 Cast: Shock             |    72 |   175 ||   247
  Use: Scroll            |       |     6 ||     6
Armor: Skin              |     3 |     8 ||    11
Dodge: Dodged            |    21 |    59 ||    80
